 Dungeon Crawl Stone Soup version 0.26-a0-667-g92642533e4 (webtiles) character file.

Game seed: 15699157028745093145

20 grandjackal the Ducker (level 2, -7/23 HPs)
             Began as a Demonspawn Gladiator on Oct 17, 2020.
             Mangled by Terence
             ... wielding a +3 short sword of electrocution
              (14 damage)
             ... on level 1 of the Dungeon.
             The game lasted 00:00:57 (592 turns).

grandjackal the Ducker (Demonspawn Gladiator)        Turns: 592, Time: 00:00:58

Health: -7/23      AC:  5    Str: 14    XL:     2   Next: 58%
Magic:  2/2        EV: 13    Int:  9    God:
Gold:   69         SH:  0    Dex: 14    Spells: 1/1 levels left

rFire    . . .     SeeInvis .   a - +0 long sword
rCold    . . .     Faith    .   (no shield)
rNeg     . . .     Spirit   .   b - +0 leather armour
rPois    .         Reflect  .   c - +0 helmet
rElec    .         Harm     .   (no cloak)
rCorr    .         Rampage  .   (no gloves)
MR       .....                  i - +0 pair of boots
Stlth    +.........             (no amulet)
HPRegen  0.07/turn              (no ring)
MPRegen  0.08/turn              (no ring)

@: no status effects
A: demonic guardian 1
a: no special abilities


You were on level 1 of the Dungeon.
You visited 1 branch of the dungeon, and saw 2 of its levels.

You collected 69 gold pieces.

Inventory:

Hand Weapons
 a - a +0 long sword (weapon)
Missiles
 d - a throwing net (quivered)
 f - 15 poisoned darts
Armour
 b - a +0 leather armour (worn)
 c - a +0 helmet (worn)
 i - a +0 pair of boots (worn)
Jewellery
 e - an uncursed ring of fire
Scrolls
 g - a scroll of fog {unknown}
 h - a scroll of enchant weapon {unknown}


   Skills:
 + Level 2.4 Fighting
 + Level 3.0 Long Blades
 - Level 1.7 Throwing
 + Level 3.0 Dodging


You had one spell level left.
You didn't know any spells.
Your spell library was empty.

Dungeon Overview and Level Annotations

Branches:
Dungeon (2/15)

Altars:

Annotations:
D:1 Terence


Innate Abilities, Weirdness & Mutations

A weak demonic guardian rushes to your aid.


Message History

Terence is lightly wounded.
You hit Terence but do no damage.
Terence is lightly wounded.
Terence looks scornfully at you.
Terence drinks a potion.
Terence seems to grow stronger.
Terence hits you but does no damage.
You are electrocuted!
Ouch! That really hurt!
Throwing (i - inventory. (/) - cycle)
d - 3 throwing nets (quivered)
Press: ? - help, Shift-Dir - straight line, f - Terence
Aim: Terence, wielding a +3 short sword of electrocution and wearing a cursed +0 chain mail (lightly wounded, strong)
You throw a throwing net. The throwing net barely misses Terence.
Unknown command.
Throwing (i - inventory. (/) - cycle)
d - 2 throwing nets (quivered)
Press: ? - help, Shift-Dir - straight line, f/p - Terence
Aim: Terence, wielding a +3 short sword of electrocution and wearing a cursed +0 chain mail (lightly wounded, strong)
You throw a throwing net.
The throwing net closely misses Terence.
Terence hits you with a +3 short sword of electrocution!
Ouch! That really hurt!
You die...

...........# ##.#....#
####.......######..+...<#
...........#..(....#....#
...........#.#####.#....#
....(#####.#.# #.'.##.#
...((####....# #.#....#
..)....)...#.# ########
.....####.##.#####
.........(.....@@#
.........###.################
###......# #................#
#......# #########.########
#......# #.#
#......###########.#
##.................#
#.#######.######### #.# #.#


You could see Terence (strong).

Vanquished Creatures
  An ooze (D:1)
  A dart slug (D:1)
  A leopard gecko (D:1)
  A giant cockroach (D:1)
  2 hobgoblins (D:1)
  2 kobolds (D:1)
  A bat (D:1)
  A frilled lizard (D:1)
  3 rats (D:1)
13 creatures vanquished.

Notes
Turn   | Place    | Note
-------+----------+-------------------------------------------
     0 | D:1      | grandjackal the Demonspawn Gladiator began the quest for
                  | the Orb.
     0 | D:1      | Reached XP level 1. HP: 16/16 MP: 1/1
    42 | D:1      | Gained mutation: A weak demonic guardian rushes to your
                  | aid. [demonic ancestry]
    42 | D:1      | Reached XP level 2. HP: 18/22 MP: 2/2
   583 | D:2      | Noticed Terence
   592 | D:1      | Mangled by Terence

Illustrated notes

Levels and vault maps discovered:
D:1:      lemuel_arrival_behind_the_door_small, layout_basic
D:2:      layout_basic, lemuel_crystal_altar, serial_forest,
          infiniplex_forest_diagonal, infiniplex_forest_clump_large,
          infiniplex_forest_clump_medium, infiniplex_forest_end_1,
          infiniplex_forest_zigzag_2, infiniplex_forest_end_1,
          chequers_ecumenical_altar_twisty, wad_orctagon, uniq_terence,
          uniq_natasha

Skill      XL: |  1  2 |
---------------+-------+-----
Long Blades    | 3 |  3.0
Dodging        | 3 |  3.0
Fighting       | |  2.4
Throwing       | |  1.7

Action                   || total
-------------------------++-------
Melee: Long sword        ||    43
Throw: Throwing net      ||     2
 Stab: Sleeping          ||     1
Armor: Leather armour    ||    17
Dodge: Dodged            ||    25
       Rpst.: Long sword ||     7

Table legend: (Time is in decaauts)
 A = Elapsed time spent in this place.
 B = Non-inter-level travel time spent in this place.
 C = Inter-level travel time spent in this place.
 D = Time resting spent in this place.
 E = Time spent auto-exploring this place.
 F = Levels seen in this place.
 G = Mean time per level.
                   A        B        C        D        E       F      G
               +--------+--------+--------+--------+--------+-----+--------+
         Total |    602 |    586 |     16 |     81 |    377 |   2 |  301.0 |
       Dungeon |    602 |    586 |     16 |     81 |    377 |   2 |  301.0 |
               +--------+--------+--------+--------+--------+-----+--------+

Top non-repeatable levels by time:
     D:1: 598 daAuts
     D:2: 3 daAuts
